 Dungeon Crawl Stone Soup version 0.31-a0-544-gceb718ecc6 (webtiles) character file.

Game seed: 10399901401853009366

5092 heikuro the Cleaver (level 10, -2/80 HPs)
             Began as a Formicid Fighter on Aug 15, 2023.
             Was an Elder of Okawaru.
             Slain by a death yak (19 damage)
             ... on level 8 of the Dungeon.
             The game lasted 00:24:01 (9772 turns).

heikuro the Cleaver (Formicid Fighter)              Turns: 9772, Time: 00:24:01

Health: -2/80      AC: 16    Str: 26    XL:     10   Next: 87%
Magic:  12/12      EV:  6    Int:  7    God:    Okawaru [****..]
Gold:   566        SH: 11    Dex: 13    Spells: 9/9 levels left

rFire   . . .        a - +5 flail (freeze)
rCold   . . .        E - +0 kite shield
rNeg    + . .        e - +0 plate armour
rPois   .            (helmet unavailable)
rElec   .            L - +1 cloak
rCorr   .            (no gloves)
SInv    +            (no boots)
Will    ++...        c - amulet of the acrobat
Stlth   x              - ring of positive energy
HPRegen 0.33/turn    Q - ring of willpower
MPRegen 0.13/turn

%: acrobat
@: no status effects
A: permanent stasis, dig shafts and tunnels, antennae 3, four strong arms, wild
magic 1, noise suppression
a: Dig, Shaft Self, Renounce Religion, Heroism, Finesse


You were on level 8 of the Dungeon.
You worshipped Okawaru.
Okawaru was greatly pleased with you.
You visited 2 branches of the dungeon, and saw 10 of its levels.
You also visited: Ossuary.

You collected 566 gold pieces.

Inventory:

Hand Weapons
 a - a +5 flail of freezing (weapon)
 b - a +0 war axe
 H - the +10 dagger of Malum In Se {freeze, Fly rF- Str+3}
   (You found it on level 7 of the Dungeon)

   Str+3:     It affects your strength (+3).
   rF-:       It makes you vulnerable to fire.
   Fly:       It grants you flight.
Missiles
 k - 14 poisoned darts (quivered)
 M - a curare-tipped dart
 O - 2 throwing nets
Armour
 e - a +0 plate armour (worn)
 E - a +0 kite shield (worn)
 L - a +1 cloak (worn)
Jewellery
 c - an amulet of the acrobat (around neck)
 g - a ring of wizardry
 x - a ring of positive energy (left hand)
 y - an amulet of magic regeneration
 z - a ring of wizardry
 Q - a ring of willpower (right hand)
Wands
 t - a wand of iceblast (18)
 v - a wand of digging (11)
 G - a wand of flame (16)
 J - a wand of mindburst (4)
Scrolls
 n - 3 scrolls of vulnerability {unknown}
 p - a scroll of amnesia {unknown}
 q - 3 scrolls of enchant armour
 r - 4 scrolls of poison {unknown}
 u - 3 scrolls of enchant weapon {unknown}
 A - 5 scrolls of revelation
 D - 3 scrolls of brand weapon {unknown}
 F - a scroll of immolation {unknown}
 I - 2 scrolls of torment {unknown}
 K - a scroll of fog {unknown}
 P - a scroll of identify
Potions
 d - 2 potions of might
 f - 2 potions of attraction
 h - 5 potions of enlightenment
 i - a potion of invisibility
 j - 2 potions of brilliance
 l - 3 potions of heal wounds
 m - a potion of berserk rage {unknown}
 o - a potion of lignification {unknown}
 s - a potion of mutation
 w - a potion of degeneration {unknown}
 B - 4 potions of ambrosia
 C - 2 potions of curing
 N - a potion of resistance {unknown}


   Skills:
 + Level 8.1 Fighting
 * Level 9.7 Axes
 + Level 8.1 Armour
 + Level 9.5 Shields
 + Level 3.8 Invocations


You had 9 spell levels left.
You didn't know any spells.
Your spell library contained the following spells:

 Spells                   Type           Power      Damage    Failure   Level
 Sandblast                Erth           0%         2d4       100%        1
 Passwall                 Tmut/Erth      0%         N/A       100%        2
 Sublimation of Blood     Necr           0%         N/A       100%        2
 Stone Arrow              Conj/Erth      0%         3d7       100%        3
 Manifold Assault         Tloc           0%         N/A       100%        4
 Petrify                  Tmut/Erth      0%         N/A       100%        4
 Irradiate                Conj/Tmut      0%         3d11      100%        5
 Blink                    Tloc           Unusable   N/A       N/A         2

Dungeon Overview and Level Annotations

Branches:
Dungeon (9/15)             Temple (1/1) D:6         Ossuary (visited)
   Lair: D:8-11         Orc: D:9-12

Altars:
Ashenzari
Cheibriados
Dithmenos
Elyvilon
Fedhas
Gozag
Hepliaklqana
Kikubaaqudgha
Makhleb
Nemelex Xobeh
Okawaru
Qazlal
Ru
Sif Muna
Trog
Uskayaw
Vehumet
Wu Jian
Xom
Yredelemnul
Zin
The Shining One

Shops:
D:6 *

Annotations:
D:6 2 transporters, lxXxl's ghost, novice MiFi
Temple 2 transporters


Innate Abilities, Weirdness & Mutations

You cannot be hasted, slowed, berserked, paralysed or teleported.
You can dig through walls and to a lower floor.
You have a pair of large antennae on your head. (SInv)
Your four strong arms can wield two-handed weapons with a shield.
Your spells are a little harder to cast, but a little more powerful.
You passively dampen the noise of your surroundings.


Message History

The yak gores you.
You sock the yak! You freeze the yak.
You kill the yak!
Okawaru accepts your kill.
No target in view!
No target in view!
No target in view!
You start resting.
HP restored.
You climb downwards.
The yak gores you but does no damage. The yak gores you!
A yak comes into view.
You block the death yak's attack. x2; The yak gores you but does no damage.
The yak gores you.
There is a stone staircase leading up here.
Unknown command.
The yak bellows! x3; You hear a bellow!
You block the yak's attack. The yak gores you but does no damage.
The yak snorts and paws the ground.
The yak gores you! The death yak gores you!!
You climb upwards.
There is a stone staircase leading down, spattered with blood here.
Unknown command.
You are too injured to fight recklessly!
You are too injured to fight recklessly!
You are too injured to fight recklessly!
You are too injured to fight recklessly!
You sock the yak! You freeze the yak.
The yak is heavily wounded.
The death yak gores you.
You block the yak's attack. x2; The yak gores you!
You thump the yak! You freeze the yak.
The yak is severely wounded.
The death yak barely misses you.
The yak gores you but does no damage. x2
You block the yak's attack.
You sock the yak! You freeze the yak.
You kill the yak!
Okawaru accepts your kill. The death yak gores you!
* * * LOW HITPOINT WARNING * * *
The yak gores you but does no damage. x2
You barely miss the yak. The death yak gores you!!
You die...

##..........#.........#
##.#######..#.#...)...#
...# #....#.......#
#### ##...#.......#
##.# ###.#.......# ...#
#....#####.# ##.###
#....####..# .#...#
#.##Y†Y...## ..##.#
####...Y@##### ..##[#
#....##### .....#
#....#
....#####....########
.#......#...........#
.#....§.#...........#
....§_..............#
.#......###.........#
.#......# #.........#


You could see a death yak and 2 yaks.

Vanquished Creatures
  Pikel (D:7)
  Joseph (D:7)
  Grinder (D:4)
  A hornet (D:7)
  11 yaks (D:8)
  Eustachio (D:4)
  An acid dragon (D:8)
  Duvessa (D:7)
  2 water moccasins
  A black bear (D:6)
  2 sky beasts
  3 orc warriors
  4 ogres
  2 phantoms
  6 centaurs
  3 kobold brigands
  5 bullfrogs
  2 gnoll sergeants
  3 scorpions
  4 water moccasin zombies (Ossuary)
  8 wights
  Dowan (D:7)
  3 killer bees (D:7)
  A howler monkey (D:7)
  An electric eel (D:9)
  3 jellies
  4 hounds
  2 gnoll boudas
  6 orc priests
  2 sleepcaps (D:4)
  5 iguanas
  5 orc wizards
  2 mummies (Ossuary)
  14 gnolls
  13 adders
  7 shadow imps
  9 adder zombies (Ossuary)
  A worm (D:2)
  2 dart slugs
  33 orcs
  6 ball pythons
  2 endoplasms (D:2)
  4 giant cockroaches
  3 gnoll zombies (Ossuary)
  5 goblins
  10 hobgoblins
  8 jackals
  22 kobolds
  A quokka (D:2)
  4 bats
  2 frilled lizards (D:2)
  3 hobgoblin zombies (Ossuary)
  4 kobold zombies (Ossuary)
  7 orc zombies (Ossuary)
  3 rats
261 creatures vanquished.

Notes
Turn   | Place    | Note
-------+----------+-------------------------------------------
     0 | D:1      | heikuro the Formicid Fighter began the quest for the Orb.
     0 | D:1      | Reached XP level 1. HP: 18/18 MP: 1/1
   267 | D:1      | Reached XP level 2. HP: 24/24 MP: 2/2
   597 | D:1      | Reached XP level 3. HP: 29/29 MP: 3/3
  1114 | D:2      | Reached XP level 4. HP: 36/37 MP: 4/4
  1600 | D:3      | Reached XP level 5. HP: 42/42 MP: 5/5
  2174 | D:4      | Reached skill level 5 in Shields
  2174 | D:4      | Reached XP level 6. HP: 11/48 MP: 6/6
  2665 | D:4      | Noticed Eustachio
  2958 | D:4      | Noticed Grinder
  2971 | D:4      | Killed Grinder
  2972 | D:4      | Reached skill level 5 in Axes
  2972 | D:4      | Reached skill level 5 in Armour
  2972 | D:4      | Reached XP level 7. HP: 29/55 MP: 7/7
  3103 | D:4      | Killed Eustachio
  3104 | D:4      | Reached skill level 5 in Fighting
  3153 | D:4      | Reached XP level 8. HP: 60/62 MP: 8/8
  3516 | D:5      | Entered Level 5 of the Dungeon
  4493 | D:6      | Reached XP level 9. HP: 26/69 MP: 9/9
  4505 | D:6      | Found Obarhiv's Lightly-Used Armoury.
  4634 | D:6      | Found a sand-covered staircase.
  4644 | Ossuary  | Entered an ossuary
  5092 | D:6      | Found a staircase to the Ecumenical Temple.
  5141 | Temple   | Found a transporter.
  5141 | Temple   | Found a transporter.
  5141 | Temple   | Found a transporter.
  5141 | Temple   | Found a transporter.
  5141 | Temple   | Entered the Ecumenical Temple
  5157 | Temple   | Became a worshipper of Hepliaklqana the Forgotten
  5269 | D:6      | Found an iron altar of Okawaru.
  5364 | D:6      | Noticed lxXxl's ghost (novice MiFi)
  5367 | D:6      | Found a transporter.
  5371 | D:6      | Found a transporter.
  5371 | D:6      | Noticed a hornet
  5603 | D:7      | Gained mutation: Your spells are a little harder to cast,
                  | but a little more powerful. [potion of mutation]
  5603 | D:7      | Gained mutation: You passively dampen the noise of your
                  | surroundings. [potion of mutation]
  5830 | D:6      | Fell from the grace of Hepliaklqana
  5830 | D:6      | Became a worshipper of Warmaster Okawaru
  5868 | D:7      | Noticed a hornet
  5883 | D:7      | Killed a hornet
  6140 | D:7      | Noticed Joseph
  6157 | D:7      | Killed Joseph
  6358 | D:7      | Reached * piety under Okawaru
  6400 | D:7      | Identified the +10 dagger of Malum In Se {freeze, Fly rF-
                  | Str+3}
  7046 | D:7      | Noticed Duvessa
  7049 | D:7      | Noticed Dowan
  7168 | D:7      | Killed Duvessa
  7175 | D:7      | Killed Dowan
  7254 | D:7      | Noticed Pikel
  7264 | D:7      | Killed Pikel
  7264 | D:7      | Reached ** piety under Okawaru
  7587 | D:7      | Found an ornate altar of the Wu Jian Council.
  7588 | D:7      | Found a burning altar of Makhleb.
  7589 | D:7      | Found a snail-covered altar of Cheibriados.
  7589 | D:7      | Found a blossoming altar of Fedhas.
  7812 | D:8      | Was forgiven by Hepliaklqana
  7812 | D:8      | Reached XP level 10. HP: 46/79 MP: 10/10
  7814 | D:8      | Reached *** piety under Okawaru
  7815 | D:8      | Reached skill level 1 in Invocations
  8029 | D:8      | Found a shadowy altar of Dithmenos.
  8345 | D:8      | Identified the +2 scale mail of Insecurity {rF- Dex+3 SInv}
  8808 | D:8      | Found an opulent altar of Gozag.
  8882 | D:8      | Found a broken altar of Ashenzari.
  9471 | D:9      | Found an ancient bone altar of Kikubaaqudgha.
  9599 | D:8      | Reached **** piety under Okawaru
  9759 | D:9      | Noticed a death yak
  9772 | D:8      | Slain by a death yak

Illustrated notes

Levels and vault maps discovered:
D:1:      amcnicky_arrival_single_pillar, layout_loops_ring, serial_forest,
          infiniplex_forest_clump_tiny, infiniplex_forest_lined_corner,
          infiniplex_forest_straight_3, infiniplex_forest_clump_double,
          infiniplex_forest_lined_2, infiniplex_forest_lined_room_2,
          minmay_pentomino_v4
D:2:      layout_rooms
D:3:      layout_loops_ring, kennysheep_generic_room_2
D:4:      layout_rooms, uniq_grinder, uniq_eustachio
D:5:      layout_loops_ring, guppyfry_early_lair_pool
D:6:      layout_cave_pools, mainiacjoe_overflow_small_starburst,
          minmay_temple_entry_nine_rooms, gammafunk_ghost_hive,
          lightli_ossuary_entry_decrepit_ruins, minmay_shop_damaged,
          nrook_mini_vaults
D:7:      layout_loops_cross, mainiacjoe_overflow_alcove_3,
          dreamdust_wishing_well, st_stairs_10, kennysheep_generic_room_6,
          uniq_pikel, uniq_joseph, uniq_duvessa
D:8:      layout_basic, grunt_gozag_statues, grunt_dithmenos_smoke,
          kennysheep_mini_moat
D:9:      argonaut_augean_stables, layout_rooms, mainiacjoe_overflow_paths
Temple:   hellmonk_temple_divided_pantheon

Skill      XL: |  1  2  3  4  5  6  7  8  9 10 |
---------------+-------------------------------+-----
Axes           | 3 5 6 8 9 |  9.7
Fighting       | 4 5 6 7 8 |  8.1
Armour         | 4 5 6 7 8 |  8.1
Shields        | 5 6 7 8 9 |  9.5
Invocations    | 3 |  3.8

Action                     |  1- 3 |  4- 6 |  7- 9 | 10-12 || total
---------------------------+-------+-------+-------+-------++-------
  Melee: War axe           |   100 |   157 |   337 |    25 ||   619
         Flail             |       |       |   205 |   141 ||   346
  Throw: Dart              |       |       |    10 |       ||    10
  Evoke: Wand              |       |     1 |     4 |     3 ||     8
    Use: Scroll            |       |     1 |     4 |     2 ||     7
         Potion            |       |       |     3 |     1 ||     4
 Armour: Scale mail        |    49 |    30 |       |       ||    79
         Chain mail        |       |    45 |       |       ||    45
         Plate armour      |       |     5 |   308 |   111 ||   424
  Dodge: Dodged            |    34 |    74 |   183 |    67 ||   358
  Block: Buckler           |    32 |    35 |   182 |    28 ||   277
         Kite shield       |       |       |       |    72 ||    72

Table legend: (Time is in decaauts)
 A = Elapsed time spent in this place.
 B = Non-inter-level travel time spent in this place.
 C = Inter-level travel time spent in this place.
 D = Time resting spent in this place.
 E = Time spent auto-exploring this place.
 F = Levels seen in this place.
 G = Mean time per level.
                   A        B        C        D        E       F      G
               +--------+--------+--------+--------+--------+-----+--------+
         Total |   9986 |   9628 |    358 |   2136 |   4866 |  11 |  907.8 |
       Dungeon |   9621 |   9263 |    358 |   2047 |   4843 |   9 | 1069.0 |
        Temple |     33 |     33 |      0 |      0 |      0 |   1 |   33.0 |
       Ossuary |    330 |    330 |      0 |     89 |     23 |   1 |  330.0 |
               +--------+--------+--------+--------+--------+-----+--------+

Top non-repeatable levels by time:
     D:7: 1826 daAuts
     D:8: 1400 daAuts
     D:6: 1218 daAuts
     D:4: 1143 daAuts
     D:3: 1033 daAuts
     D:5: 921 daAuts
     D:1: 818 daAuts
     D:9: 633 daAuts
     D:2: 626 daAuts
 Ossuary: 330 daAuts
  Temple: 33 daAuts
